Map: Deathaura LE

Players

Ranger

  • Race: Protoss Protoss
  • Spawn Location: 11:00

RazerBlader - Winner!

  • Race: Terran Terran
  • League: Master
  • Spawn Location: 5:00

Event: DreamHack SC2 Masters 2020 Winter

VOD

Have the link to the VOD?

Description

Time

  • Played on: Oct. 17, 2020, 10:43 p.m.
  • Length: 12:35

All games in this series

Show
View Real Time Build Order
Export as new Build Order

Ranger Protoss 

Build Orders: 1 Gate Expand, Phoenix Opening, Blink Stalkers 

Get SALT Encoding   

  12  0:00  Probe  
  13  0:12  Probe  
  14  0:17  Pylon  
  14  0:25  Probe (Chrono Boost)  
  15  0:36  Gateway  
  15  0:37  Probe (Chrono Boost)  
  16  0:45  Probe (Chrono Boost)  
  17  0:50  Assimilator  
  17  0:51  Probe  
  18  1:03  Probe  
  19  1:15  Probe  
  20  1:22  Nexus  
  20  1:32  Cybernetics Core  
  20  1:39  Assimilator  
  20  1:40  Probe  
  21  1:49  Pylon  
  21  1:52  Probe  
  22  2:04  Probe  
  22  2:05  Adept (Chrono Boost)  
  25  2:09  Warp Gate  
  25  2:16  Probe  
  26  2:28  Stalker  
  28  2:31  Probe (Chrono Boost)  
  28  2:35  Twilight Council  
  29  2:38  Probe (Chrono Boost)  
  30  2:44  Gateway  
  30  2:46  Probe (Chrono Boost)  
  30  2:49  Probe (Chrono Boost)  
  32  2:51  Probe (Chrono Boost)  
  32  2:55  Probe  
  34  3:01  Probe  
  34  3:02  Sentry  
  37  3:07  Probe  
  38  3:13  Probe  
  40  3:20  Probe  
  40  3:22  Blink (Chrono Boost)  
  40  3:25  Probe  
  41  3:29  Gateway  
  41  3:32  Probe  
  41  3:33  Pylon  
  42  3:36  Pylon  
  42  3:37  Probe  
  43  3:42  Robotics Facility  
  43  3:44  Phoenix, Probe  
  44  3:49  Probe  
  45  3:56  Probe  
  45  3:58  Pylon  
  45  4:01  Probe  
  45  4:02  Gateway  
  47  4:04  Stalker  
  47  4:06  Stalker  
  47  4:08  Probe  
  52  4:16  Probe  
  53  4:26  Stalker  
  53  4:27  Stalker  
  53  4:30  Pylon  
  58  4:31  Observer (Chrono Boost)  
  58  4:36  Assimilator  
  58  4:40  Stalker  
  58  4:42  Shield Battery  
  58  4:45  Pylon  
  59  4:54  Stalker  
  61  5:00  Stalker  
  61  5:06  Gateway  
  63  5:07  Gateway  
  63  5:08  Stalker  
  63  5:11  Stalker  
  63  5:13  Warp Prism  
  69  5:15  Pylon  
  69  5:18  Phoenix  
  69  5:19  Stalker  
  71  5:26  Stalker  
  64  5:39  Stalker  
  64  5:40  Stalker  
  62  6:09  Stalker x2  
  62  6:10  Stalker x2  
  56  6:42  Stalker x3  
  56  6:43  Stalker  
  56  6:45  Probe x2  
  62  6:48  Stalker x2  
  66  6:57  Probe x2  
  56  7:12  Stalker x4  
  56  7:13  Stalker  
  66  7:27  Zealot  
  64  7:32  Warp Prism  
  56  7:39  Stalker  
  56  7:40  Stalker x3, Zealot  
  59  7:53  Stalker  
  59  7:55  Probe x2  
  63  8:01  Stalker  
  63  8:03  Stalker  
  65  8:13  Stalker  
  65  8:14  Stalker  
  65  8:18  Stalker  
  71  8:28  Observer  
  53  8:43  Stalker x4  
  53  8:44  Stalker  
  62  8:53  Probe x2  
  55  9:07  Stalker  
  55  9:08  Stalker x2  
  49  9:16  Stalker  
  45  9:18  Stalker  
  45  9:24  Stalker  
  45  9:30  Stalker  
  49  9:40  Stalker  
  49  9:43  Stalker  
  52  9:49  Stalker  
  53  10:04  Stalker x2  
  53  10:05  Zealot  
  57  10:21  Stalker x2  
  59  10:26  Stalker  
  56  10:38  Stalker  
  56  10:40  Stalker  
  54  10:44  Sentry  
  51  11:02  Stalker x3  
  51  11:10  Stalker  
  41  11:27  Stalker x2  
  45  11:32  Stalker  
  43  11:40  Stalker  
  45  11:52  Stalker  
  47  11:56  Stalker  
  49  12:04  Stalker  
Show
View Real Time Build Order
Export as new Build Order

RazerBlader Terran - Winner!

Build Orders: Reaper Expand 

Get SALT Encoding   

  12  0:00  SCV  
  13  0:12  SCV  
  14  0:17  Supply Depot  
  14  0:25  SCV  
  15  0:38  SCV  
  15  0:39  Barracks  
  16  0:43  Refinery  
  16  0:50  SCV  
  17  1:02  SCV  
  18  1:15  SCV  
  19  1:27  Orbital Command, Reaper  
  20  1:44  Command Center  
  20  1:53  Supply Depot  
  20  1:54  SCV  
  20  1:58  Marine  
  22  2:06  SCV  
  23  2:10  Factory  
  23  2:19  Bunker  
  23  2:20  SCV  
  24  2:23  Barracks Reactor  
  24  2:32  SCV  
  24  2:35  Refinery  
  25  2:44  SCV  
  26  2:56  SCV, Orbital Command, Hellion  
  29  3:02  Starport, Marine  
  29  3:04  Marine  
  31  3:18  SCV  
  31  3:19  Marine, Factory Tech Lab  
  31  3:21  Marine  
  31  3:22  SCV  
  34  3:30  SCV  
  35  3:34  SCV  
  35  3:37  Supply Depot  
  36  3:42  SCV, Barracks  
  36  3:44  Marine  
  36  3:45  Marine  
  36  3:46  Raven, SCV  
  42  3:50  Factory Tech Lab  
  42  3:54  SCV  
  43  3:57  Barracks  
  43  3:58  SCV  
  44  4:03  Supply Depot  
  44  4:06  SCV, Marine  
  44  4:07  Marine  
  47  4:10  SCV  
  47  4:15  Siege Tank  
  51  4:18  SCV  
  51  4:23  SCV  
  53  4:28  Engineering Bay  
  53  4:30  SCV  
  53  4:31  Refinery  
  54  4:33  Marine x2  
  54  4:35  SCV  
  54  4:37  Stimpack  
  57  4:41  Marauder  
  57  4:43  SCV  
  60  4:47  SCV  
  61  4:55  SCV  
  61  4:57  Terran Infantry Weapons Level 1  
  61  4:59  Missile Turret  
  62  5:03  Factory Reactor  
  62  5:06  Supply Depot  
  62  5:08  Marine x2, SCV x2  
  62  5:09  Starport Reactor  
  62  5:12  Refinery  
  66  5:14  Marine x2  
  66  5:19  Bunker  
  66  5:20  SCV  
  66  5:21  Bunker  
  67  5:27  Combat Shield  
  67  5:28  Marine x2  
  66  5:30  SCV  
  66  5:32  Marauder x2  
  67  5:45  SCV  
  67  5:46  Marine x2  
  70  5:51  Widow Mine x2  
  70  5:54  Marauder  
  65  6:04  Marine x2  
  65  6:05  Marauder  
  57  6:14  Marine  
  58  6:22  Widow Mine  
  58  6:24  Marine x2  
  60  6:26  Marauder  
  60  6:32  Marine  
  53  6:40  SCV  
  53  6:42  Marine x2  
  53  6:45  SCV  
  56  6:47  Marine  
  56  6:50  Medivac, Marine  
  56  6:52  SCV  
  59  6:55  Supply Depot  
  59  7:00  Marine x2  
  53  7:05  Marauder  
  49  7:14  Concussive Shells, Marauder  
  50  7:16  SCV x2  
  50  7:17  Marine x2  
  54  7:26  Marine  
  54  7:28  SCV x2  
  54  7:29  Medivac  
  56  7:35  Marine x2  
  56  7:36  Marine  
  53  7:40  SCV x2  
  55  7:45  Marauder  
  57  7:52  SCV x2  
  57  7:53  Marine  
  57  7:54  Marine  
  62  7:59  Marauder  
  62  8:00  Medivac  
  62  8:02  Widow Mine  
  62  8:04  Widow Mine, SCV  
  70  8:07  SCV  
  70  8:11  Marine  
  68  8:14  Marine  
  68  8:15  Marauder  
  68  8:16  SCV  
  68  8:19  SCV  
  73  8:21  Marauder  
  75  8:27  Medivac  
  75  8:28  SCV  
  75  8:31  SCV  
  74  8:36  Marine  
  74  8:39  Marine  
  74  8:40  Marauder  
  74  8:43  Marauder  
  74  8:47  SCV x2  
  78  8:51  Supply Depot  
  78  8:53  Supply Depot  
  78  8:57  Widow Mine  
  78  8:58  Marine  
  78  9:00  Widow Mine  
  77  9:04  Marauder  
  77  9:06  Marine  
  77  9:07  Marauder  
  76  9:11  SCV  
  76  9:16  Marine  
  71  9:18  Widow Mine  
  71  9:21  Medivac  
  72  9:24  Marine  
  72  9:26  Marauder  
  72  9:28  Widow Mine  
  74  9:32  Marauder  
  74  9:43  Widow Mine  
  74  9:44  SCV x2  
  78  9:47  Marauder  
  78  9:50  Command Center  
  78  9:51  Supply Depot, Barracks x2  
  78  9:52  Marine, Supply Depot  
  81  9:53  Marine  
  81  9:54  Marauder  
  81  9:56  SCV x2  
  77  10:08  SCV x2, Marine  
  77  10:09  Marine  
  77  10:10  Widow Mine x2  
  77  10:11  Medivac, Marine  
  87  10:14  Medivac  
  87  10:19  Marine  
  88  10:25  SCV x2  
  88  10:26  Marauder  
  88  10:27  Marine  
  93  10:29  Terran Infantry Armor Level 1  
  93  10:30  Marine  
  90  10:37  Marine  
  90  10:40  Marine x2  
  93  10:45  Marine  
  93  10:48  Marauder, Marine  
  96  10:55  Marine  
  89  10:58  Widow Mine, Marine x2  
  89  11:03  Marine  
  93  11:06  Marine  
  93  11:09  Marauder  
  95  11:13  Marauder  
  95  11:16  Marine x2  
  94  11:21  Marine  
  94  11:24  Marine  
  88  11:29  Orbital Command  
  88  11:31  Widow Mine x2, Marauder  
  94  11:34  Marine x2  
  94  11:35  Medivac, Marauder  
  94  11:38  Marine  
  94  11:39  Medivac  
  103  11:42  Marine  
  104  11:51  Marine  
  104  11:52  Marine, Marauder  
  106  11:56  Marauder, Marine  
  106  11:57  Widow Mine  
  106  12:00  Marine  
  110  12:05  Medivac  
  112  12:09  Marine x2  
  112  12:10  Widow Mine  
  112  12:13  Marauder  
Tags
 
Add a new tag
Caveats
  • Supply blocks, unpowered buildings, or Contaminate may cause inaccurate times.
  • Supply counts are checked every 10 seconds.